 Dungeon Crawl Stone Soup version 0.20.0-8-g6b59dc7 (webtiles) character file.

1652 vatarom the Destroyer (level 9, -1/45 HPs)
             Began as a Tengu Air Elementalist on June 2, 2017.
             Was a Believer of Sif Muna.
             Shot with an arrow by a centaur (10 damage)
             ... on level 6 of the Dungeon.
             The game lasted 00:23:13 (7772 turns).

vatarom the Destroyer (Tengu Air Elementalist)      Turns: 7772, Time: 00:23:14

Health: -1/45      AC:  6    Str:  9    XL:     9   Next: 0%
Magic:  15/15      EV: 12    Int: 22    God:    Sif Muna [**....]
Gold:   202        SH:  0    Dex: 14    Spells: 1/14 levels left

rFire    + + .     SeeInvis .   q - +3 long sword
rCold    . . .     Gourm    .   (no shield)
rNeg     + . .     Faith    .   r - +1 robe {rF+}
rPois    .         Spirit   .   (helmet restricted)
rElec    .         Reflect  .   a - +0 cloak
rCorr    .         Harm     .   (no gloves)
MR       .....                  (boots unavailable)
Stlth    ++........             (no amulet)
Regen    0.2/turn               j - ring of positive energy
MPRegen  0.2/turn               (no ring)

@: brilliant, divine energy
A: beak, talons 3, molten scales 1, clumsy 1, fire resistance 1, able to fly 1
a: Fly, Stop Divine Energy, Renounce Religion


You were on level 6 of the Dungeon.
You worshipped Sif Muna.
Sif Muna was pleased with you.
You were not hungry.

You visited 2 branches of the dungeon, and saw 7 of its levels.

You collected 202 gold pieces.

Inventory:

Hand Weapons
 q - a +3 long sword (weapon)
Armour
 a - a +0 cloak (worn)
 r - a +1 robe of fire resistance (worn)
Jewellery
 j - a ring of positive energy (left hand)
Wands
 s - a wand of clouds (0/9)
 t - a wand of disintegration (9/24)
 v - a wand of acid (3/15)
Scrolls
 e - 2 scrolls of teleportation
 k - a scroll of immolation
 o - 2 scrolls of remove curse
 p - a scroll of enchant armour
 w - a scroll of amnesia
Potions
 c - a potion of agility
 d - 3 potions of lignification
 g - a potion of magic
 i - a potion of flight
 l - a potion of resistance
 m - a potion of haste
Books
 b - a book of Air

   Spells                             Type                      Level
   a - Shock                          Conjuration/Air              1
   b - Swiftness                      Charms/Air                   2
   c - Static Discharge               Conjuration/Air              3
   d - Airstrike                      Air                          4
   e - Lightning Bolt                 Conjuration/Air              5
 n - a book of Necromancy

   Spells                             Type                      Level
   a - Pain                           Necromancy                   1
   b - Animate Skeleton               Necromancy                   1
   c - Vampiric Draining              Necromancy                   3
   d - Regeneration                   Charms/Necromancy            3
   e - Animate Dead                   Necromancy                   4
   f - Control Undead                 Necromancy                   4
Comestibles
 f - 17 fruits


   Skills:
 - Level 2.2 Dodging
 - Level 2.0 Stealth
 - Level 3.3 Spellcasting
 + Level 9.2 Conjurations
 - Level 1.3 Charms
 - Level 5.3 Necromancy
 + Level 8.6 Air Magic


You had one spell level left.
You knew the following spells:

 Your Spells              Type           Power        Failure   Level  Hunger
a - Shock                 Conj/Air       ####         1%          1    None
b - Swiftness             Chrm/Air       #####...     1%          2    ##.....
c - Static Discharge      Conj/Air       ######..     1%          3    ###....
d - Airstrike             Air            ######....   1%          4    ####...
e - Regeneration          Chrm/Necr      ####......   1%          3    ###....


Dungeon Overview and Level Annotations

Branches:
Dungeon (6/15)             Temple (1/1) D:5

Altars:
Ashenzari
Cheibriados
Dithmenos
Elyvilon
Gozag
Hepliaklqana
Kikubaaqudgha
Makhleb
Nemelex Xobeh
Okawaru
Qazlal
Sif Muna
Trog
Uskayaw
Vehumet
Xom
Zin

Shops:
D:3 *

Annotations:
D:4 Eustachio


Innate Abilities, Weirdness & Mutations

You have a beak for a mouth.
You have claws for feet.
You can fly.
You are partially covered in molten scales. (AC +2)
You are clumsy. (Dex -2)
Your flesh is heat resistant. (rF+)


Message History

The centaur shoots an arrow.
The arrow hits you!
You see here an arrow.
The centaur shoots an arrow.
The arrow misses you.
You see here an arrow.
The centaur shoots an arrow.
The arrow hits you.
You see here an arrow.
The centaur shoots an arrow.
The arrow hits you.
You see here an arrow.
The centaur shoots an arrow.
The arrow barely misses you.
The centaur shoots an arrow.
The arrow closely misses you.
The centaur shoots an arrow.
The arrow hits you!
* * * LOW HITPOINT WARNING * * *
You see here an arrow.
It was a potion of mutation.
You feel extremely strange.
You feel clumsy.
You feel resistant to heat.
Molten scales grow over part of your body.
It was a potion of brilliance.
You feel clever all of a sudden.
The centaur shoots an arrow.
The arrow hits you!
You die...

###......## #....)..'...##.....
###..8.(### #.......#...####...
..........# ##.....##...# #####
.........(#######...###...###...#
...........c.c####### #...##.....
.......)..###......####...#[.....
..........# ###..(.[.##...'......
..........# ##(....##...#......
..........# #@.....#...##....)
..........# ###........###..)#
..........# ########## #####
.......... ######...


You could see a centaur.

Vanquished Creatures
  Menkaure (D:4)
  A hornet zombie (D:6)
  2 phantoms
  A sky beast (D:6)
  2 ogres (D:6)
  A centaur (D:5)
  2 bullfrogs
  4 scorpions
  A howler monkey (D:5)
  A crimson imp (D:5)
  2 bullfrog skeletons (D:6)
  An orc priest (D:4)
  A hound (D:6)
  A centaur skeleton (D:6)
  3 orc wizards
  2 iguanas
  2 worker ants
  A hound zombie (D:6)
  5 worker ant zombies
  A howler monkey skeleton (D:4)
  5 adders
  A shadow imp (D:5)
  An adder skeleton (D:6)
  An adder zombie (D:5)
  A worm (D:4)
  A dart slug (D:3)
  4 leopard geckos
  11 orcs
  4 giant cockroaches
  5 goblins
  6 hobgoblins
  4 jackals (D:5)
  A kobold (D:2)
  3 quokkas
  2 ball pythons
  A bat (D:1)
  2 frilled lizards
  A giant cockroach zombie (D:5)
  A jackal skeleton (D:5)
  A jackal zombie (D:6)
  A leopard gecko zombie (D:6)
  A quokka skeleton (D:4)
  7 rats (D:2)
100 creatures vanquished.

Notes
Turn   | Place    | Note
-------+----------+-------------------------------------------
     0 | D:1      | vatarom the Tengu Air Elementalist began the quest for the Orb.
     0 | D:1      | Reached XP level 1. HP: 10/10 MP: 4/4
   358 | D:1      | Reached skill level 2 in Conjurations
   647 | D:1      | Reached XP level 2. HP: 15/15 MP: 3/6
   651 | D:1      | Learned a level 2 spell: Swiftness
   904 | D:2      | Reached skill level 3 in Conjurations
  1005 | D:2      | Reached XP level 3. HP: 19/19 MP: 5/7
  1170 | D:2      | Reached skill level 4 in Conjurations
  1182 | D:2      | Learned a level 3 spell: Static Discharge
  1708 | D:3      | Noticed a scorpion
  1729 | D:3      | Found an opulent altar of Gozag.
  1731 | D:3      | Found Gozag's Platinum Reserve.
  1978 | D:3      | Reached XP level 4. HP: 23/24 MP: 3/8
  2348 | D:3      | Found a glowing silver altar of Zin.
  2355 | D:3      | Found an iron altar of Okawaru.
  2362 | D:3      | Found a hazy altar of Hepliaklqana.
  2363 | D:3      | Found a white marble altar of Elyvilon.
  2364 | D:3      | Found a shattered altar of Ashenzari.
  2365 | D:3      | Found a sparkling altar of Nemelex Xobeh.
  2506 | D:3      | Reached skill level 5 in Conjurations
  2812 | D:3      | Reached skill level 6 in Conjurations
  2812 | D:3      | Gained mutation: You can fly. [Tengu growth]
  2812 | D:3      | Reached XP level 5. HP: 28/28 MP: 5/9
  2952 | D:4      | Noticed Menkaure
  3092 | D:4      | Killed Menkaure
  3092 | D:4      | Reached skill level 7 in Conjurations
  3092 | D:4      | Reached XP level 6. HP: 20/32 MP: 2/10
  3214 | D:4      | Noticed Eustachio
  3438 | D:4      | Reached skill level 8 in Conjurations
  4031 | D:5      | Entered Level 5 of the Dungeon
  4258 | D:5      | Learned a level 4 spell: Airstrike
  4678 | D:5      | Found a staircase to the Ecumenical Temple.
  4686 | Temple   | Entered the Ecumenical Temple
  4712 | Temple   | Became a worshipper of Sif Muna the Loreminder
  4796 | D:5      | Reached XP level 7. HP: 36/36 MP: 5/12
  4972 | D:6      | Reached skill level 5 in Air Magic
  5857 | D:6      | Reached skill level 1 in Charms
  6051 | D:5      | Reached XP level 8. HP: 19/41 MP: 1/14
  6076 | D:5      | Learned a level 3 spell: Regeneration
  6241 | D:6      | Reached skill level 1 in Necromancy
  6257 | D:6      | Reached * piety under Sif Muna
  6834 | D:6      | Reached skill level 5 in Necromancy
  7423 | D:6      | Reached ** piety under Sif Muna
  7423 | D:6      | Reached skill level 9 in Conjurations
  7541 | D:6      | Reached XP level 9. HP: 45/45 MP: 3/15
  7771 | D:6      | Gained mutation: You are clumsy. (Dex -2) [potion of mutation]
  7771 | D:6      | Gained mutation: Your flesh is heat resistant. (rF+) [potion of mutation]
  7771 | D:6      | Gained mutation: You are partially covered in molten scales. (AC +2) [potion of mutation]
  7772 | D:6      | Shot with an arrow by a centaur

Skill      XL: |  1  2  3  4  5  6  7  8 |
---------------+-------------------------+-----
Conjurations   | 2 3 4 6 7 8 9 |  9.2
Air Magic      | 7 8 |  8.6
Charms         | 1 |  1.3
Spellcasting   | 3 |  3.3
Necromancy     | 5 |  5.3
Dodging        | |  2.2
Stealth        | |  2.0

Action                   |  1- 3 |  4- 6 |  7- 9 || total
-------------------------+-------+-------+-------++-------
Melee: War axe           |     4 |       |       ||     4
       Unarmed           |     1 |     9 |       ||    10
       Kick              |       |     4 |     7 ||    11
       Peck              |       |     2 |     6 ||     8
       Long sword        |       |     4 |    13 ||    17
 Cast: Shock             |    59 |    95 |    98 ||   252
       Swiftness         |     1 |     1 |     3 ||     5
       Static Discharge  |       |     6 |    16 ||    22
       Airstrike         |       |     1 |    15 ||    16
Invok: Divine Energy     |       |       |     1 ||     1
Evoke: Wand              |       |       |     2 ||     2
  Use: Scroll            |     5 |     4 |       ||     9
       Potion            |     5 |       |     9 ||    14
 Stab: Sleeping          |       |     1 |       ||     1
  Eat: Bread ration      |     1 |     2 |     1 ||     4
       Fruit             |       |     2 |     7 ||     9
       Chunk             |       |       |     1 ||     1
       Royal jelly       |       |       |     2 ||     2
Armor: Robe              |     2 |     4 |     6 ||    12
Dodge: Dodged            |     6 |    31 |    40 ||    77
       Rpst.: Long sword |       |     8 |    12 ||    20
